 Dungeon Crawl Stone Soup version 0.28.0-49-g6dfe1f597d (webtiles) character file.

Game seed: 780066902291219412

104 bnorton916 the Firebug (level 4, -1/24 HPs)
             Began as a Deep Elf Fire Elementalist on May 20, 2022.
             Slain by issech's ghost (4 damage)
             ... on level 3 of the Dungeon.
             The game lasted 00:03:10 (4215 turns).

bnorton916 the Firebug (Deep Elf Fire Elementalist) Turns: 4215, Time: 00:03:10

Health: -1/24      AC:  3    Str:  5    XL:     4   Next: 52%
Magic:  8/12       EV: 12    Int: 22    God:
Gold:   111        SH:  0    Dex: 15    Spells: 10/11 levels left

rFire   . . .      SeeInvis .   c - +2 mace (vorpal)
rCold   . . .      Faith    .   (no shield)
rNeg    . . .      Spirit   .   a - +0 robe
rPois   .          Reflect  .   p - +0 helmet
rElec   .          Harm     .   (no cloak)
rCorr   .          Rampage  .   (no gloves)
Will    .....                   (no boots)
Stlth   ++........              (no amulet)
HPRegen 0.08/turn               (no ring)
MPRegen 0.13/turn               (no ring)

@: no status effects
A: no striking features
a: no special abilities


You were on level 3 of the Dungeon.
You visited 1 branch of the dungeon, and saw 3 of its levels.

You collected 111 gold pieces.

Inventory:

Hand Weapons
 c - a +2 vorpal mace (weapon)
 o - a +2 short sword of speed
Armour
 a - a +0 robe (worn)
 p - a +0 helmet (worn)
Jewellery
 n - an amulet of faith
Wands
 k - a wand of flame (15)
Scrolls
 f - a scroll of teleportation {unknown}
 h - a scroll of identify {unknown}
 i - a scroll of magic mapping {unknown}
Potions
 b - 3 potions of curing
 d - 2 potions of resistance {unknown}
 e - a potion of berserk rage {unknown}
 g - a potion of degeneration {unknown}
 j - a potion of might {unknown}
 l - 2 potions of flight {unknown}
 m - a potion of brilliance {unknown}


   Skills:
 - Level 2.4 Dodging
 - Level 2.4 Stealth
 + Level 4.2 Spellcasting
 + Level 2.7 Conjurations
 + Level 4.6 Fire Magic


You had 10 spell levels left.
You knew the following spells:

 Your Spells              Type           Power      Damage    Failure   Level
a - Foxfire               Conj/Fire      80%        2x1d8     2%          1

Your spell library contained the following spells:

 Spells                   Type           Power      Damage    Failure   Level
 Scorch                   Fire           48%        2d7       2%          2
 Conjure Flame            Conj/Fire      20%        6-21      8%          3
 Inner Flame              Hex/Fire       14%        N/A       13%         3
 Flame Wave               Conj/Fire      20%        2d7       24%         4


Dungeon Overview and Level Annotations

Branches:
Dungeon (3/15)

Altars:
Zin

Shops:
D:3 (

Annotations:
D:3 issech's ghost, amateur GnWn


Message History

Things that are here:
a +0 hunting sling; a +0 club; 25 stones
Things that are here:
a +0 dagger; a goblin corpse; a hobgoblin skeleton
Things that are here:
a +0 dagger of draining; a goblin corpse You now have 111 gold pieces (gained 15).
You see here a +0 dagger.
Things that are here:
a +0 dagger; a goblin corpse; a hobgoblin skeleton
There is a stone staircase leading down here.
There is an open translucent gate here.
Issech's ghost turns its malevolent gaze towards you.
Casting: Foxfire (safe; 2% risk of failure)
Confirm with . or Enter, or press ? or * to list all spells.
You conjure some foxfire!
Casting: Foxfire (safe; 2% risk of failure)
Confirm with . or Enter, or press ? or * to list all spells.
You conjure some foxfire!
The adder simulacrum closely misses you.
Issech's ghost hits you but does no damage.
The foxfire hits issech's ghost but does no damage. x2
The adder simulacrum barely misses you. Issech's ghost hits you!
Casting: Foxfire (safe; 2% risk of failure)
Confirm with . or Enter, or press ? or * to list all spells.
You conjure some foxfire!
The adder simulacrum bites you. The adder simulacrum freezes you.
Issech's ghost hits you!
* * * LOW HITPOINT WARNING * * *
The foxfire hits issech's ghost.
Issech's ghost is lightly damaged.
The foxfire hits issech's ghost.
Issech's ghost is lightly damaged.
Your foxfire dissipates!
The adder simulacrum completely misses you.
Issech's ghost barely misses you.
Casting: Foxfire (safe; 2% risk of failure)
Confirm with . or Enter, or press ? or * to list all spells.
You conjure some foxfire!
The adder simulacrum misses you. Issech's ghost hits you.
You die...

#.......# #..##.......##...###
####.####
##.##.........#.....## #.#
#..#..........##.##...
#.#######.##....####...#..#<.#
#.........#...###!$##..##.#...
########..#..##.....##..#.#...
#..#..#...=...#..#.....
#.##.v#Z.....##..#.....
#.#..v@W...###..##.....
#.##............#..#.##
#..###..####... #..#...
##...####..### #...####
###.............#.# ..
##.....########.##.. #.#####
#.##.. #.# #.##.. #.# #.##..


You could see issech's ghost (ally target) and an adder simulacrum.

Vanquished Creatures
  Robin (D:3)
  2 adders
  A worm (D:3)
  2 dart slugs
  An adder simulacrum (D:3)
  4 endoplasms
  A giant cockroach (D:3)
  12 goblins
  8 hobgoblins
  4 jackals (D:2)
  3 kobolds
  3 quokkas
  5 ball pythons
  2 ball python simulacra (D:3)
  4 bats
  4 frilled lizards
  4 rats
  4 toadstools (D:1)
65 creatures vanquished.

Vanquished Creatures (others)
  293 foxfires
293 creatures vanquished.

Grand Total: 358 creatures vanquished

Notes
Turn   | Place    | Note
-------+----------+-------------------------------------------
     0 | D:1      | bnorton916 the Deep Elf Fire Elementalist began the quest
                  | for the Orb.
     0 | D:1      | Reached XP level 1. HP: 10/10 MP: 6/6
   289 | D:1      | Reached XP level 2. HP: 15/15 MP: 5/8
   559 | D:1      | Found a faded altar of an unknown god.
  1397 | D:2      | Reached XP level 3. HP: 19/19 MP: 6/10
  1438 | D:2      | Found a glowing silver altar of Zin.
  2915 | D:3      | Found a runed translucent gate.
  2915 | D:3      | Found a runed translucent gate.
  2915 | D:3      | Found a runed translucent gate.
  3151 | D:3      | Found Vuihises's Weapon Shop.
  3377 | D:3      | Reached XP level 4. HP: 24/24 MP: 7/12
  3533 | D:3      | Noticed issech's ghost (amateur GnWn)
  3614 | D:3      | Noticed Robin
  3835 | D:3      | Killed Robin
  4215 | D:3      | Slain by issech's ghost

Illustrated notes

Levels and vault maps discovered:
D:1:      ldierk_water_garden, layout_loops_corners,
          nicolae_ecumenical_snake_handling, moated_statue
D:2:      layout_basic, basic_altar, minivault_5, minmay_misc_feat_encased
D:3:      layout_loops_cross, nicolae_hepliaklqana_monster_ancestors,
          serial_shops, shop_statue, gammafunk_ghost_icy, minmay_diced_spiral,
          uniq_robin

Skill      XL: |  1  2  3 |
---------------+----------+-----
Fire Magic     | 4 |  4.6
Spellcasting   | 4 |  4.2
Conjurations   | 2 |  2.7
Dodging        | |  2.4
Stealth        | |  2.4

Action                   |  1- 3 |  4- 6 || total
-------------------------+-------+-------++-------
Melee: Unarmed           |    19 |       ||    19
       Mace              |     1 |       ||     1
 Cast: Foxfire           |   133 |    46 ||   179
Armor: Robe              |     2 |    10 ||    12
Dodge: Dodged            |    31 |    21 ||    52
